[Event "Titled Tuesday Blitz November 07 Late 2023"]
[White "Sarana, Alexey"]
[Black "Szpar, Milosz"]
[WhiteFideId "24133795"]
[BlackFideId "1184989"]
[WhiteElo "2979"]
[BlackElo "2842"]
[Result "1-0"]
[Round "10"]
[TimeControl "180+1"]
[Date "2023.11.07"]
[WhiteClock "0:00:22"]
[BlackClock "0:00:00"]
[Board "7"]

1. d4 d5 2. c4 e6 3. Nc3 Nf6 4. cxd5 exd5 5. Bg5 c6 6. e3 Bd6 7. Bd3 O-O 8. Nf3 Re8 9. Qc2 h6 10. Bh4 Be6 11. O-O Nbd7 12. Rae1 Qc7 13. Bg3 Bxg3 14. hxg3 Qd6 15. Ne2 Ne4 16. Nf4 Bg4 17. Nh2 Be6 18. Nxe6 Rxe6 19. Nf3 Rae8 20. b4 a6 21. a4 b5 22. axb5 axb5 23. Rb1 Ra8 24. Rfc1 Ra4 25. Bxe4 dxe4 26. Nd2 f5 27. g4 fxg4 28. Nxe4 Qe7 29. Ng3 Nf6 30. Qf5 Ra8 31. Rc5 Rf8 32. Qc2 Nd5 33. Rxc6 Rxf2 34. Rc8+ Rf8 35. Nf5 Qf7 36. Rf1 Rxc8 37. Qxc8+ Qe8 38. Qb7 Ne7 39. d5 Re5 40. d6 Nxf5 41. d7 Qf8 42. Qc8 Rd5 43. Qxf8+ Kxf8 44. Rxf5+ 1-0


[Site "https://www.chess.com"]

[Event "Titled Tuesday Blitz November 07 Late 2023"]
[White "Rustemov, Alexander"]
[Black "Makhnev, Denis"]
[WhiteFideId "4119002"]
[BlackFideId "13707647"]
[WhiteElo "2827"]
[BlackElo "2958"]
[Result "1-0"]
[Round "10"]
[TimeControl "180+1"]
[Date "2023.11.07"]
[WhiteClock "0:00:30"]
[BlackClock "0:00:00"]
[Board "8"]

1. d4 d5 2. c4 e6 3. Nc3 c6 4. e3 f5 5. f4 Nh6 6. Nf3 Nf7 7. Bd3 Be7 8. Qc2 g6 9. O-O Nd7 10. Bd2 O-O 11. Rac1 Nf6 12. Be1 Ne4 13. Bg3 Nxg3 14. hxg3 Bd7 15. Ne2 Kg7 16. c5 b6 17. b4 a5 18. a3 axb4 19. axb4 bxc5 20. bxc5 Qa5 21. Rb1 Rfb8 22. Rxb8 Rxb8 23. Rb1 Rxb1+ 24. Qxb1 Qa3 25. Kf2 Bf6 26. Qb7 Be8 27. Ba6 Qa5 28. Ne5 Bxe5 29. fxe5 Qd8 30. Nf4 Bd7 31. Qb6 Qe8 32. Qc7 Kg8 33. Bb7 Nh6 34. Ke2 Ng4 35. Qb6 Kg7 36. Qa7 Kh6 37. Qa8 Qf7 38. Nh3 g5 39. Nf2 Nxf2 40. Kxf2 f4 41. exf4 gxf4 42. g4 Kg5 43. Bxc6 Bxc6 44. Qxc6 Kxg4 45. Qb5 f3 46. Qd3 fxg2+ 47. Kxg2 Qf4 48. Qh3+ Kg5 49. Qg3+ Qxg3+ 50. Kxg3 Kg6 51. c6 Kf7 52. c7 Ke7 53. c8=Q Kf7 54. Qd7+ Kg6 55. Qxe6+ Kh5 56. Qxd5 h6 57. Qe4 Kg5 58. e6 1-0


[Site "https://www.chess.com"]

[Event "Titled Tuesday Blitz November 07 Late 2023"]
[White "Rostovtsev, Dmitry"]
[Black "BardArtem"]
[WhiteFideId "34278320"]
[WhiteElo "2941"]
[BlackElo "2791"]
[Result "0-1"]
[Round "10"]
[TimeControl "180+1"]
[Date "2023.11.07"]
[WhiteClock "0:00:18"]
[BlackClock "0:01:10"]
[Board "9"]

1. d4 d5 2. c4 e6 3. Nc3 Nf6 4. cxd5 Nxd5 5. Nxd5 exd5 6. Nf3 c6 7. a3 a5 8. Bf4 Bd6 9. Bxd6 Qxd6 10. e3 O-O 11. Bd3 Nd7 12. Qc2 h6 13. O-O Re8 14. b3 Nf6 15. Ne5 Ng4 16. Nxg4 Bxg4 17. Rfc1 g6 18. Qc5 Qxc5 19. Rxc5 Kf8 20. Kf1 Ke7 21. Ke1 Kd6 22. Rac1 Bd7 23. Kd2 g5 24. Rh1 f5 25. h4 Rh8 26. hxg5 hxg5 27. Rxh8 Rxh8 28. Rxa5 Rh2 29. Bf1 Rh1 30. Ke2 f4 31. exf4 gxf4 32. Rc5 b6 33. Rc1 c5 34. Rd1 Bb5+ 35. Kf3 Bxf1 36. Rd2 c4 37. Kxf4 Bxg2 38. f3 Bf1 39. Rb2 Kc6 40. Kg3 Bd3 41. f4 c3 42. Rc2 Bxc2 43. b4 Bd3 44. b5+ Kd6 45. f5 c2 46. Kf4 c1=Q+ 47. Kg4 Qg1+ 48. Kf4 Rh4+ 49. Kf3 Qf1+ 50. Ke3 Qf4+ 51. Kxd3 Rh3+ 52. Kc2 Qf2+ 53. Kd1 Rh1# 0-1


[Site "https://www.chess.com"]

[Event "Titled Tuesday Blitz November 07 Late 2023"]
[White "Indjic, Aleksandar"]
[Black "Matlakov, Maxim"]
[WhiteFideId "911925"]
[BlackFideId "4168003"]
[WhiteElo "2918"]
[BlackElo "2964"]
[Result "1-0"]
[Round "10"]
[TimeControl "180+1"]
[Date "2023.11.07"]
[WhiteClock "0:00:05"]
[BlackClock "0:00:00"]
[Board "10"]

1. e4 c5 2. Nc3 Nc6 3. Bb5 Nd4 4. Nf3 e6 5. O-O a6 6. Bd3 Nc6 7. b3 g6 8. Bb2 Bg7 9. Na4 Bxb2 10. Nxb2 d6 11. a4 Rb8 12. Nc4 b5 13. axb5 axb5 14. Na3 b4 15. Nc4 Nge7 16. Re1 e5 17. Ne3 O-O 18. Bc4 Kg7 19. c3 h6 20. d4 bxc3 21. dxc5 dxc5 22. Nd5 Nd4 23. Nxe5 Nxd5 24. exd5 Qg5 25. Qd3 Re8 26. Nf3 Rxe1+ 27. Rxe1 Qf6 28. Rc1 Bf5 29. Qe3 c2 30. Ne5 Re8 31. f4 g5 32. g3 gxf4 33. gxf4 Kh7 34. Kh1 Rg8 35. Bd3 Rg7 36. b4 Bxd3 37. Qxd3+ Kh8 38. Qe4 Qh4 39. d6 Qh3 40. d7 Ne6 41. bxc5 Qc3 42. Qxc2 Qd4 43. Rd1 Qxf4 44. d8=Q+ Nxd8 45. Rxd8+ Rg8 46. Rxg8+ Kxg8 47. Qg2+ Kh7 48. Qc2+ Kg8 49. Qe2 Qc1+ 50. Kg2 Qxc5 51. Qg4+ Kh8 52. Qf5 Qd5+ 53. Kg3 Qb3+ 54. Qf3 Qe6 55. Qf4 Qd5 56. Qxh6+ Kg8 57. Qg5+ Kh7 58. Qh5+ Kg8 59. Qg5+ Kh7 60. Nf3 Qc4 61. Qf5+ Kg8 62. Qg4+ 1-0


[Site "https://www.chess.com"]

[Event "Titled Tuesday Blitz November 07 Late 2023"]
[White "Maksimovic, Bojan"]
[Black "Yeletsky, Ivan"]
[WhiteFideId "14408120"]
[BlackFideId "24180327"]
[WhiteElo "2760"]
[BlackElo "2928"]
[Result "0-1"]
[Round "10"]
[TimeControl "180+1"]
[Date "2023.11.07"]
[WhiteClock "0:00:06"]
[BlackClock "0:00:11"]
[Board "11"]

1. Nf3 a6 2. g3 b5 3. Bg2 Bb7 4. O-O g6 5. d3 Bg7 6. c4 d6 7. Nc3 bxc4 8. dxc4 Nd7 9. Qc2 Ngf6 10. Re1 O-O 11. e4 Ng4 12. b3 e5 13. Nd5 Nc5 14. h3 Nf6 15. Bg5 Ne6 16. Be3 Nd7 17. b4 c6 18. Nc3 Nd4 19. Qd3 c5 20. a3 f5 21. Bxd4 exd4 22. Nd5 fxe4 23. Rxe4 Nf6 24. Nxf6+ Rxf6 25. Re2 Qd7 26. Nd2 Bxg2 27. Kxg2 Raf8 28. bxc5 dxc5 29. Rae1 Bh6 30. Ne4 Rf3 31. Qxf3 Rxf3 32. Kxf3 Qxh3 33. Nd6 d3 34. Re8+ Bf8 35. Ke3 Qd7 36. Rxf8+ Kxf8 37. Ne4 Qd4+ 38. Kf3 d2 39. Rd1 Qd3+ 40. Kf4 g5+ 41. Kf5 Qf3+ 0-1


[Site "https://www.chess.com"]

[Event "Titled Tuesday Blitz November 07 Late 2023"]
[White "Salinas Herrera, Pablo"]
[Black "Pakleza, Zbigniew"]
[WhiteFideId "3407128"]
[BlackFideId "1119290"]
[WhiteElo "2903"]
[BlackElo "2727"]
[Result "0-1"]
[Round "10"]
[TimeControl "180+1"]
[Date "2023.11.07"]
[WhiteClock "0:00:53"]
[BlackClock "0:01:02"]
[Board "12"]

1. d4 d6 2. e4 Nf6 3. Nc3 c6 4. Nf3 Bg4 5. Be2 e6 6. O-O d5 7. exd5 cxd5 8. Ne5 Bxe2 9. Nxe2 Nc6 10. Bf4 Bd6 11. Nd3 Bxf4 12. Ndxf4 Qb6 13. Rb1 O-O 14. c3 Ne4 15. Nd3 Qc7 16. Ng3 Nd6 17. Qe2 a5 18. h4 b5 19. h5 h6 20. Rbc1 Qe7 21. Rfe1 Rab8 22. Ne5 Nxe5 23. dxe5 Nc4 24. Rcd1 b4 25. cxb4 Rxb4 26. b3 Nb6 27. Rd3 Rc8 28. Qe3 Qc5 29. Qf3 Nd7 30. Red1 Nxe5 0-1


[Site "https://www.chess.com"]

[Event "Titled Tuesday Blitz November 07 Late 2023"]
[White "Mladenovic, Stefan"]
[Black "Bachmann, Axel"]
[WhiteFideId "942227"]
[BlackFideId "3700488"]
[WhiteElo "2682"]
[BlackElo "2894"]
[Result "1/2-1/2"]
[Round "10"]
[TimeControl "180+1"]
[Date "2023.11.07"]
[WhiteClock "0:00:07"]
[BlackClock "0:00:31"]
[Board "13"]

1. d4 Nf6 2. Nf3 g6 3. Bf4 Bg7 4. e3 O-O 5. Be2 d6 6. O-O Nfd7 7. h3 e5 8. Bh2 Nc6 9. c4 exd4 10. exd4 Nb6 11. Nc3 Re8 12. a3 Bf5 13. b4 Be4 14. Nxe4 Rxe4 15. Bd3 Re8 16. Rc1 Nxd4 17. Nxd4 Bxd4 18. Bxg6 Bxf2+ 19. Rxf2 hxg6 20. Qf3 Qd7 21. Qxb7 Rab8 22. Qf3 Re7 23. c5 dxc5 24. Rxc5 Rc8 25. Be5 Re6 26. Bb2 Na4 27. Rd5 Qe8 28. Bd4 c6 29. Rg5 Rd8 30. Rg4 Nb6 31. Rh4 Re1+ 32. Kh2 Rxd4 33. Rxd4 Qe5+ 34. Qf4 Nd5 35. Qxe5 Rxe5 36. Rc2 Re6 37. a4 Ne3 38. Rc1 a6 39. Rd7 Re4 40. Rb7 Rd4 41. Rxc6 Rd2 42. Rxa6 Rxg2+ 43. Kh1 Rf2 44. Ra8+ Kg7 45. a5 Nf5 46. a6 Nd4 47. Kg1 Rd2 48. Kf1 Nf3 49. Re7 Nh2+ 50. Kg1 Nf3+ 51. Kf1 Nh2+ 52. Ke1 Nf3+ 53. Kf1 1/2-1/2


[Site "https://www.chess.com"]

[Event "Titled Tuesday Blitz November 07 Late 2023"]
[White "Golubev, Mikhail"]
[Black "Kozak, Antoni"]
[WhiteFideId "14100983"]
[BlackFideId "21832030"]
[WhiteElo "2658"]
[BlackElo "2819"]
[Result "1/2-1/2"]
[Round "10"]
[TimeControl "180+1"]
[Date "2023.11.07"]
[WhiteClock "0:00:03"]
[BlackClock "0:00:07"]
[Board "14"]

1. e4 c5 2. Nf3 Nc6 3. Nc3 d6 4. d4 cxd4 5. Nxd4 e5 6. Nf5 Be6 7. Ne3 Nf6 8. Bc4 Be7 9. O-O Rc8 10. Bb3 Nd4 11. f4 Nxb3 12. axb3 exf4 13. Rxf4 a6 14. Nf5 O-O 15. Nxe7+ Qxe7 16. Be3 Nd7 17. Qd2 Ne5 18. Rd1 Rc6 19. h3 b5 20. Bd4 Rfc8 21. Bxe5 dxe5 22. Rf2 h6 23. Nd5 Qh4 24. c3 Kh8 25. Qe3 Rd6 26. Rfd2 Rcd8 27. c4 bxc4 28. bxc4 Rc6 29. c5 Rdc8 30. g3 Qxh3 31. Nf6 gxf6 32. Rh2 Qxh2+ 33. Kxh2 Kg7 34. b4 a5 35. bxa5 Rxc5 36. a6 Rc2+ 37. Kg1 Ra2 38. a7 Ra8 39. Rf1 R8xa7 40. Qf3 R7a5 41. Qxf6+ Kh7 42. Qe7 Ra1 43. Rxa1 Rxa1+ 44. Kf2 Ra2+ 45. Ke3 Rg2 46. Kf3 Rb2 47. Qd6 Rb5 48. Qc6 Rb3+ 49. Kf2 Kg6 50. Qc7 Rb2+ 51. Kf3 Rb3+ 52. Kf2 Kf6 53. Qd8+ Kg7 54. Qc7 Rb5 55. Qc6 Rb2+ 56. Kf3 Rb3+ 57. Kf2 Kf6 58. Qc7 Rb2+ 59. Kf3 Rb3+ 60. Kf2 Rb2+ 61. Kf3 Ra2 62. Ke3 Ra3+ 63. Kf2 Rb3 64. Kg2 Rb5 65. Kf2 Kg7 66. Kf3 Rb3+ 67. Kf2 Rb5 1/2-1/2


[Site "https://www.chess.com"]

[Event "Titled Tuesday Blitz November 07 Late 2023"]
[White "Fiorito, Francisco"]
[Black "Rastbod, Ali"]
[WhiteFideId "180165"]
[BlackFideId "12567477"]
[WhiteElo "2632"]
[BlackElo "2763"]
[Result "0-1"]
[Round "10"]
[TimeControl "180+1"]
[Date "2023.11.07"]
[WhiteClock "0:00:10"]
[BlackClock "0:00:06"]
[Board "15"]

1. Nf3 c5 2. g3 Nc6 3. Bg2 g6 4. O-O Bg7 5. c4 e6 6. Nc3 Nge7 7. d3 O-O 8. e4 d6 9. Be3 Nd4 10. a3 Nec6 11. Rb1 h6 12. Qd2 Kh7 13. b4 Nxf3+ 14. Bxf3 Nd4 15. Bg2 Rb8 16. Ne2 b6 17. f4 Bb7 18. Nxd4 cxd4 19. Bf2 f5 20. Rfe1 Qd7 21. Bh3 Qf7 22. Qe2 e5 23. fxe5 dxe5 24. Bg2 fxe4 25. Bxe4 Bxe4 26. dxe4 Rbc8 27. Rbc1 Qf3 28. a4 h5 29. a5 bxa5 30. b5 Bh6 31. Ra1 Qxe2 32. Rxe2 d3 33. Rea2 Rxc4 34. Rxa5 d2 35. Rxa7+ Kg8 36. Rf1 Be3 37. Rd7 Rxf2 38. Rxf2 Rc1+ 39. Kg2 Bxf2 40. Rxd2 Bd4 41. Ra2 Rb1 42. Ra6 Kg7 43. Ra5 g5 44. h3 g4 45. hxg4 hxg4 46. Kh2 Rb2+ 47. Kh1 Rb1+ 48. Kg2 Kf7 49. Kh2 Ke7 50. Kg2 Kd6 51. Ra6+ Kc5 52. Rg6 Rb2+ 53. Kh1 Rb1+ 54. Kg2 Kxb5 55. Rxg4 Kc4 56. Rg8 Kd3 57. Rg4 Re1 58. Rg8 Kxe4 59. g4 Rg1+ 60. Kh3 Kf3 61. Rf8+ Ke2 62. Rg8 e4 63. g5 e3 64. g6 Ba1 65. Kh2 Rg5 66. Ra8 Be5+ 67. Kh3 Rg3+ 68. Kh4 Rxg6 69. Ra2+ Kf3 70. Kh5 Rg2 71. Ra1 Bf4 72. Rf1+ Rf2 73. Re1 e2 74. Kh4 Bg3+ 75. Kh3 Rh2# 0-1


[Site "https://www.chess.com"]

[Event "Titled Tuesday Blitz November 07 Late 2023"]
[White "Pranav, V"]
[Black "Zakaryan, David"]
[WhiteFideId "25060783"]
[BlackFideId "24101923"]
[WhiteElo "3046"]
[BlackElo "2658"]
[Result "1-0"]
[Round "10"]
[TimeControl "180+1"]
[Date "2023.11.07"]
[WhiteClock "0:00:29"]
[BlackClock "0:00:06"]
[Board "16"]

1. Nf3 d5 2. g3 g6 3. Bg2 Bg7 4. O-O e5 5. d3 Ne7 6. Nbd2 O-O 7. e4 Nbc6 8. Re1 Re8 9. exd5 Nxd5 10. Ne4 h6 11. Bd2 a5 12. a4 b6 13. Nc3 Be6 14. Nb5 Qd7 15. c3 Rad8 16. Qc2 Nde7 17. Rad1 Bf5 18. Bf1 Kh7 19. Nh4 Bg4 20. f3 Be6 21. Bc1 Bd5 22. Be2 f5 23. Ng2 Nc8 24. Ne3 Be6 25. Bf1 Qf7 26. Nc4 Bd5 27. Qf2 Nb8 28. b3 Na6 29. d4 c6 30. Nxe5 Bxe5 31. dxe5 cxb5 32. Bxb5 Nc5 33. Bxe8 Qxe8 34. Qe3 Ne6 35. c4 Ba8 36. Rxd8 Nxd8 37. Qxh6+ Kg8 38. e6 Ne7 39. Bb2 Nxe6 40. Rxe6 Qd7 41. Qg7# 1-0


[Site "https://www.chess.com"]

[Event "Titled Tuesday Blitz November 07 Late 2023"]
[White "Aarav Dengla"]
[Black "Bortnyk, Olexandr"]
[WhiteFideId "45059756"]
[BlackFideId "14120828"]
[WhiteElo "2663"]
[BlackElo "3022"]
[Result "0-1"]
[Round "10"]
[TimeControl "180+1"]
[Date "2023.11.07"]
[WhiteClock "0:00:04"]
[BlackClock "0:00:04"]
[Board "17"]

1. e4 Nf6 2. e5 Nd5 3. d4 d6 4. c4 Nb6 5. exd6 exd6 6. Be3 Be7 7. Nf3 O-O 8. Nc3 Nc6 9. h3 Bf5 10. Bd3 Bxd3 11. Qxd3 Nb4 12. Qe2 Bf6 13. O-O Re8 14. Rfd1 d5 15. b3 a5 16. Rac1 c6 17. a3 Na6 18. Qf1 Nc7 19. Nh2 Bg5 20. Bxg5 Qxg5 21. Nf3 Qf4 22. Ne5 dxc4 23. bxc4 Ne6 24. g3 Qf5 25. Rb1 Nxd4 26. Rxd4 Qxe5 27. Qd3 c5 28. Rd6 Nxc4 29. Rd5 Qe6 30. Qxc4 Qxh3 31. Qxc5 Rac8 32. Qd4 h6 33. Rd1 Qe6 34. Rd6 Qb3 35. Nd5 Rc4 36. Qd2 Rc2 37. Qd4 Rc4 38. Qd2 Qxa3 39. Rb6 Qf3 40. Qd3 Re1+ 41. Rxe1 Qxd3 0-1


[Site "https://www.chess.com"]

[Event "Titled Tuesday Blitz November 07 Late 2023"]
[White "Volkov, Maksim"]
[Black "Ibarra Jerez, Jose Carlos"]
[WhiteFideId "54123070"]
[BlackFideId "2226332"]
[WhiteElo "2649"]
[BlackElo "2990"]
[Result "0-1"]
[Round "10"]
[TimeControl "180+1"]
[Date "2023.11.07"]
[WhiteClock "0:00:00"]
[BlackClock "0:00:06"]
[Board "18"]

1. d4 Nf6 2. c4 d6 3. Nf3 g6 4. g3 Bg7 5. Bg2 Bf5 6. O-O O-O 7. Nh4 Be4 8. f3 Bc6 9. e4 e5 10. d5 Bd7 11. Nc3 a5 12. Be3 Na6 13. b3 Nh5 14. Qc2 Nf4 15. gxf4 exf4 16. Bf2 Bf6 17. Nf5 gxf5 18. exf5 Kh8 19. Kh1 Bxf5 20. Qxf5 Bxc3 21. Rac1 Qf6 22. Qh5 Bd4 23. Bxd4 Qxd4 24. Bh3 Rg8 25. Rg1 Qf6 26. Bf5 h6 27. Rce1 Nc5 28. Qh3 Rxg1+ 29. Rxg1 Rg8 30. Rxg8+ Kxg8 31. Bc2 Qa1+ 32. Kg2 Qxa2 33. Qc8+ Kg7 34. Qg4+ Kf8 35. Qf5 a4 36. b4 Nd7 37. Kh3 Ne5 38. Be4 Qxc4 39. Qxf4 Qf1+ 40. Kh4 Qf2+ 41. Kh5 Qg2 42. Qh4 Qg5+ 43. Qxg5 hxg5 44. Kxg5 a3 45. Bb1 Nxf3+ 46. Kf6 Ne5 47. h4 Nd3 48. h5 Nxb4 49. h6 Kg8 50. Ke7 Nxd5+ 51. Kd7 Nc3 0-1


[Site "https://www.chess.com"]

[Event "Titled Tuesday Blitz November 07 Late 2023"]
[White "Hong, Andrew"]
[Black "Sturt, Raven"]
[WhiteFideId "2099438"]
[BlackFideId "2007304"]
[WhiteElo "2963"]
[BlackElo "2621"]
[Result "0-1"]
[Round "10"]
[TimeControl "180+1"]
[Date "2023.11.07"]
[WhiteClock "0:01:18"]
[BlackClock "0:00:17"]
[Board "19"]

1. d4 f5 2. Nc3 Nf6 3. Bg5 d5 4. Nf3 e6 5. e3 a6 6. Bd3 c5 7. O-O c4 8. Be2 Nc6 9. Ne5 Be7 10. Nxc6 bxc6 11. b3 Qa5 12. Na4 h6 13. Bf4 O-O 14. c3 Ne4 15. Qc2 c5 16. dxc5 Nxc5 17. Nxc5 Qxc5 18. bxc4 dxc4 19. Rab1 e5 20. Bg3 f4 21. exf4 Bf5 22. Qa4 Bxb1 23. Bxc4+ Kh8 24. fxe5 Bc2 25. Qd7 Bf5 26. Qa4 Rac8 27. Bb3 Qxc3 28. h4 Bd3 29. Rd1 Be2 30. Rd7 Bc5 31. Kh2 Bb5 32. Qg4 Bxd7 33. Qxd7 Qd4 34. Qe6 a5 35. Bc2 Ba7 36. Bb1 Rc1 37. Qg6 Rxb1 38. Qxb1 Rxf2 39. Bxf2 Qxf2 40. Qe4 Qg1+ 41. Kg3 Qf2+ 42. Kh3 Qe3+ 43. Qxe3 Bxe3 44. Kg4 Kg8 45. Kf5 Kf7 46. Ke4 Bc1 47. Kd5 h5 48. a4 Ke7 49. Kd4 Bd2 50. Kd5 Be1 51. Kc5 Bxh4 52. Kb5 Be1 53. Kc4 Ke6 54. Kd4 h4 55. Ke4 Bg3 56. Kf3 Kf5 57. e6 Kxe6 58. Kg4 Kd5 59. Kh3 Kc4 60. Kg4 Kb4 61. Kg5 Kxa4 62. Kg6 Kb3 63. Kxg7 a4 64. Kh6 a3 65. Kh5 a2 66. Kg4 a1=Q 67. Kh3 Qf6 68. Kg4 Qg6+ 69. Kf3 Qf5+ 70. Ke3 Kc3 71. Ke2 Qf2+ 72. Kd1 Qe1# 0-1


[Site "https://www.chess.com"]

[Event "Titled Tuesday Blitz November 07 Late 2023"]
[White "Grigoriants, Sergey"]
[Black "Flameboard08"]
[WhiteFideId "4130804"]
[WhiteElo "2906"]
[BlackElo "2619"]
[Result "1-0"]
[Round "10"]
[TimeControl "180+1"]
[Date "2023.11.07"]
[WhiteClock "0:00:17"]
[BlackClock "0:00:00"]
[Board "20"]

1. d4 b6 2. e4 Bb7 3. Bd3 e6 4. Nf3 Nf6 5. Qe2 d5 6. e5 Ne4 7. Nbd2 Nxd2 8. Bxd2 c5 9. c3 Nc6 10. O-O Be7 11. a3 a5 12. Be3 Qc8 13. Bb5 Ba6 14. a4 c4 15. Bg5 Bxg5 16. Bxc6+ Qxc6 17. Nxg5 h6 18. Qh5 O-O 19. Nh3 b5 20. Nf4 Qd7 21. Qg4 Kh7 22. Nh5 Rg8 23. Qxg7+ Rxg7 24. Nf6+ Kh8 25. Nxd7 b4 26. f4 f5 27. Nc5 Bc8 28. b3 cxb3 29. cxb4 axb4 30. Rfb1 Rga7 31. Rxb3 Rb8 32. Rab1 Kg7 33. Rxb4 Rba8 34. Rb8 Kf7 35. Rxa8 Rxa8 36. Rb6 Ke7 37. Kf2 Ra7 38. Kg3 Ra8 39. Kh4 Ra7 40. Kh5 Bd7 41. Rb7 Rxb7 42. Nxb7 Bxa4 43. Kxh6 Bd1 44. Nc5 Be2 45. Kg5 Bf1 46. g3 Bh3 47. Kh4 Bg4 48. h3 Bf3 49. g4 fxg4 50. hxg4 Kf7 51. Kg5 Be2 52. f5 exf5 53. gxf5 Bc4 54. f6 1-0


[Site "https://www.chess.com"]

[Event "Titled Tuesday Blitz November 07 Late 2023"]
[White "Koziorowicz, Michal"]
[Black "mind1mover"]
[WhiteFideId "21809194"]
[WhiteElo "2604"]
[BlackElo "2830"]
[Result "0-1"]
[Round "10"]
[TimeControl "180+1"]
[Date "2023.11.07"]
[WhiteClock "0:01:52"]
[BlackClock "0:01:31"]
[Board "21"]

1. e4 Nc6 2. Nc3 Nf6 3. Nf3 d6 4. d4 g6 5. Bc4 Bg7 6. h4 Bg4 7. Be3 e5 8. d5 Nd4 9. Nb5 Nxe4 10. Nbxd4 exd4 11. Bxd4 O-O 12. Bxg7 Kxg7 13. Qd4+ Qf6 14. Qxf6+ Nxf6 15. O-O-O Bxf3 16. gxf3 Rfe8 17. Rde1 Rxe1+ 18. Rxe1 Re8 19. Re3 Rxe3 20. fxe3 Kh6 21. Kd2 Kh5 22. e4 Kxh4 23. Ke3 Kg3 24. Be2 Nh5 25. Kd4 Nf4 26. Bd1 h5 0-1


[Site "https://www.chess.com"]

[Event "Titled Tuesday Blitz November 07 Late 2023"]
[White "Ghasi, Ameet K"]
[Black "Lymar, Vladislav"]
[WhiteFideId "409200"]
[BlackFideId "14162180"]
[WhiteElo "2808"]
[BlackElo "2572"]
[Result "1/2-1/2"]
[Round "10"]
[TimeControl "180+1"]
[Date "2023.11.07"]
[WhiteClock "0:00:08"]
[BlackClock "0:00:05"]
[Board "22"]

1. g3 d6 2. Bg2 Nf6 3. d3 e5 4. c4 Be7 5. Nc3 c6 6. h3 O-O 7. Nf3 Nbd7 8. O-O Qc7 9. Rb1 a5 10. Bd2 Nc5 11. b3 Re8 12. Be3 e4 13. Ne1 exd3 14. exd3 Bf5 15. g4 Bg6 16. f4 h6 17. f5 Bh7 18. d4 Bf8 19. Nc2 Nce4 20. Nxe4 Nxe4 21. d5 Nc3 22. Qd3 Nxb1 23. Rxb1 c5 24. Na3 Qe7 25. Bf4 g6 26. Nb5 Qd7 27. Qd2 gxf5 28. Bxh6 Qe7 29. Rf1 fxg4 30. hxg4 Bxh6 31. Qxh6 Qe3+ 32. Qxe3 Rxe3 33. Nxd6 b6 34. Nxf7 Be4 35. Nh6+ Kh7 36. Nf5 Re2 37. Rf2 Rxf2 38. Kxf2 Bb1 39. a4 Bc2 40. Ke3 Bxb3 41. d6 Rd8 42. Bc6 Bxc4 43. Kf4 Kg6 44. Ke5 Kg5 45. Ne3 Bf7 46. d7 c4 47. Kd6 Kf6 48. Kc7 Rg8 49. d8=Q+ Rxd8 50. Kxd8 c3 51. Be4 Kg5 52. Bf5 Kf4 53. Nc2 Bb3 54. Kc7 Bxa4 55. Kxb6 Bxc2 56. Bxc2 Kxg4 57. Kxa5 Kf3 58. Kb4 Ke3 59. Kxc3 1/2-1/2


[Site "https://www.chess.com"]

[Event "Titled Tuesday Blitz November 07 Late 2023"]
[White "Gontcharov, Vladislav"]
[Black "Sokolovsky, Yahli"]
[WhiteFideId "4123492"]
[BlackFideId "2820242"]
[WhiteElo "2605"]
[BlackElo "2778"]
[Result "1-0"]
[Round "10"]
[TimeControl "180+1"]
[Date "2023.11.07"]
[WhiteClock "0:00:11"]
[BlackClock "0:00:01"]
[Board "23"]

1. d4 d6 2. e4 g6 3. Nc3 Bg7 4. Be3 a6 5. Qd2 b5 6. Bd3 Bb7 7. f3 Nd7 8. a4 b4 9. Nd1 c5 10. c3 bxc3 11. bxc3 a5 12. Ne2 Ngf6 13. O-O O-O 14. Nf2 Qc7 15. Rfb1 Rfb8 16. Bb5 Bc6 17. g4 Bxb5 18. axb5 Nb6 19. Qd3 a4 20. Kg2 Ra5 21. h4 a3 22. h5 Rba8 23. hxg6 hxg6 24. Rh1 a2 25. Nf4 cxd4 26. cxd4 Qc4 27. Rhc1 Qxb5 28. Qxb5 Rxb5 29. Rc2 Rba5 30. N2d3 g5 31. Ne2 Nfd7 32. Ndc1 Nc5 33. Rcxa2 Rxa2 34. Rxa2 Rxa2 35. Nxa2 Nb3 36. d5 Nc4 37. Bxg5 Kf8 38. Nb4 Nc5 39. Nc6 f6 40. Bf4 Nd3 41. Kg3 Ke8 42. Ncd4 Kf7 43. Ne6 Bh8 44. N2d4 Na3 45. Nf5 Nb1 46. Bh6 Nc3 47. Bf8 Ne2+ 48. Kh4 Nef4 49. Nxf4 Nxf4 50. Kg3 Ng6 51. Bh6 Ne5 52. Bf4 Nd3 53. Bd2 Bg7 54. Bc3 Bf8 55. f4 Nc5 56. Kf3 Kg6 57. Ng3 Bh6 58. Bd4 Nd3 59. Be3 Kf7 60. g5 fxg5 61. fxg5 Bg7 62. Nf5 Bf8 63. Kg4 Kg6 64. Nh4+ Kf7 65. Kh5 Bg7 66. g6+ Kf8 67. Nf5 Bf6 68. Kh6 Kg8 69. Bg5 Bxg5+ 70. Kxg5 Nc5 71. Kh6 Nxe4 72. Nxe7+ Kf8 73. g7+ Kxe7 74. g8=Q Nc5 75. Kg6 Kd7 76. Qf7+ Kd8 77. Kg7 Nd7 78. Qe6 Kc7 79. Kf7 Nc5 80. Ke7 Kb6 81. Qxd6+ Kb5 82. Qxc5+ Kxc5 83. d6 1-0


[Site "https://www.chess.com"]

[Event "Titled Tuesday Blitz November 07 Late 2023"]
[White "Krzyzanowski, Marcin"]
[Black "Tikhonov, Viacheslav"]
[WhiteFideId "1132199"]
[BlackFideId "44196407"]
[WhiteElo "2764"]
[BlackElo "2562"]
[Result "0-1"]
[Round "10"]
[TimeControl "180+1"]
[Date "2023.11.07"]
[WhiteClock "0:00:00"]
[BlackClock "0:00:55"]
[Board "24"]

1. e4 c5 2. Nf3 Nc6 3. Bb5 e5 4. d3 Nge7 5. Bc4 h6 6. h4 g6 7. h5 g5 8. Bxg5 hxg5 9. Nxg5 d5 10. exd5 Nxd5 11. Nxf7 Kxf7 12. Qf3+ Ke6 13. Nc3 Ne7 14. Ne4 Bh6 15. Qf6+ Kd7 16. Qd6+ Ke8 17. Qxe5 Rf8 18. Bb5+ Kf7 19. g4 Bxg4 20. Rg1 Rg8 21. Nd6+ Kf8 22. Rxg4 Rxg4 23. f3 Rg1+ 24. Kf2 Rxa1 25. Qh8+ Ng8 26. Qe5 Qh4+ 0-1


[Site "https://www.chess.com"]

[Event "Titled Tuesday Blitz November 07 Late 2023"]
[White "Oglaza, Oskar"]
[Black "Korchmar, Vasiliy"]
[WhiteFideId "1194402"]
[BlackFideId "24131750"]
[WhiteElo "2570"]
[BlackElo "2762"]
[Result "0-1"]
[Round "10"]
[TimeControl "180+1"]
[Date "2023.11.07"]
[WhiteClock "0:00:21"]
[BlackClock "0:00:06"]
[Board "25"]

1. e4 c5 2. Nf3 d6 3. d4 cxd4 4. Nxd4 Nf6 5. Nc3 Nc6 6. Bg5 Bd7 7. Qd2 a6 8. O-O-O e6 9. f3 Be7 10. Be3 b5 11. g4 b4 12. Nce2 Ne5 13. Ng3 h6 14. h3 d5 15. f4 Nc4 16. Bxc4 dxc4 17. g5 Qa5 18. Kb1 c3 19. Qg2 hxg5 20. fxg5 Nh5 21. e5 Rc8 22. g6 Qxe5 23. gxf7+ Kxf7 24. Nxh5 Rxh5 25. Rhf1+ Bf6 26. Nf3 Qc7 27. Qg4 Rf5 28. Nh4 Rxf1 29. Rxf1 cxb2 30. Qg6+ Ke7 31. Bg5 Kd6 32. Bxf6 gxf6 33. Rxf6 Kc6 34. Qe4+ Kb6 35. Qxb4+ Ka7 36. Qd4+ Ka8 37. Rf2 Bb5 38. Nf3 Rd8 39. Qe5 Qc4 40. Rd2 Rf8 41. Kxb2 Qb4+ 42. Kc1 Qa3+ 43. Kb1 Qxf3 44. Qxe6 Qc6 45. Qxc6+ Bxc6 46. Rd6 Kb7 47. Rh6 Rf1+ 48. Kb2 Rh1 49. h4 Rh2 50. h5 Be4 51. Rh7+ Bxh7 52. Ka3 Rxh5 53. Ka4 Rh4+ 54. c4 Rxc4+ 55. Ka5 Rh4 56. a4 Rh5+ 57. Kb4 a5+ 58. Ka3 Kb6 59. Kb2 Kc5 60. Kc3 Rh4 61. Kd2 Kb4 62. Kc1 Kxa4 63. Kb2 Rh2+ 64. Ka1 Bg8 65. Kb1 Kb3 66. Ka1 Rh1# 0-1


[Site "https://www.chess.com"]

[Event "Titled Tuesday Blitz November 07 Late 2023"]
[White "Hambleton, Aman"]
[Black "TimGrutter03"]
[WhiteFideId "2606577"]
[WhiteElo "2743"]
[BlackElo "2541"]
[Result "1-0"]
[Round "10"]
[TimeControl "180+1"]
[Date "2023.11.07"]
[WhiteClock "0:00:02"]
[BlackClock "0:00:00"]
[Board "26"]

1. d4 g6 2. c4 Bg7 3. e4 d6 4. Nc3 Nc6 5. Nge2 e5 6. d5 Nce7 7. Be3 f5 8. f3 Nf6 9. Qd2 fxe4 10. Nxe4 Nf5 11. Bf2 O-O 12. N2c3 Bd7 13. Bd3 Bh6 14. Qe2 Nh5 15. O-O Nf4 16. Qd1 b6 17. Re1 a5 18. Bf1 Nd4 19. Bxd4 exd4 20. Qxd4 Bg7 21. Qd2 h6 22. g3 Nh3+ 23. Kg2 g5 24. Bd3 Bf5 25. Rf1 Qd7 26. Rae1 Rae8 27. Bc2 Qc8 28. Nf2 Nxf2 29. Bxf5 Qxf5 30. Rxf2 Rxe1 31. Qxe1 Qd3 32. Qe4 Qd4 33. Nb5 Qc5 34. b3 Kh8 35. Re2 Be5 36. Na7 Qa3 37. Nc6 Qc1 38. Nxe5 dxe5 39. Qxe5+ Kg8 40. Qe6+ Kg7 41. Qe5+ Rf6 42. Qe3 Qb1 43. Qe7+ Rf7 44. Qe5+ Rf6 45. Qe4 Qc1 46. Qe3 Qb1 47. h3 Qd1 48. Qe7+ Rf7 49. Qe5+ Rf6 50. h4 gxh4 51. gxh4 Qb1 52. h5 Qa1 53. Qxa1 1-0


[Site "https://www.chess.com"]